 Dungeon Crawl Stone Soup version 0.22.1-57-g7394efd (webtiles) character file.

67 smallpebble the Grave Robber (level 4, -2/34 HPs)
             Began as a Ghoul Necromancer on Mar 22, 2019.
             Slain by a gnoll
             ... wielding a +0 flail
              (12 damage)
             ... on level 3 of the Dungeon.
             The game lasted 00:19:19 (2394 turns).

smallpebble the Grave Robber (Ghoul Necromancer)    Turns: 2394, Time: 00:19:20

Health: -2/34      AC:  4    Str: 12    XL:     4   Next: 18%
Magic:  5/6        EV: 12    Int: 10    God:
Gold:   60         SH:  0    Dex:  9    Spells: 5/7 levels left

rFire    . . .     SeeInvis .   t - +2 short sword (flame)
rCold    + . .     Gourm    .   (no shield)
rNeg     + + +     Faith    .   o - +0 robe
rPois    ∞         Spirit   .   (no helmet)
rElec    .         Reflect  .   i - +0 cloak
rCorr    .         Harm     .   r - +0 pair of gloves
MR       +....                  (no boots)
Stlth    ++........             n - amulet of the acrobat
HPRegen  0.00/turn              g - ring of protection from magic
MPRegen  0.10/turn              (no ring)

@: rotting
A: rotting body, claws 1, carnivore, cold resistance 1, negative energy
resistance 3, inhibited regeneration, torment resistance, unbreathing
a: no special abilities


You were on level 3 of the Dungeon.
You were not hungry.

You visited 1 branch of the dungeon, and saw 3 of its levels.

You collected 60 gold pieces.

Inventory:

Hand Weapons
 p - a +0 club
 t - a +2 short sword of flaming (weapon)
Armour
 a - a +0 robe
 i - a +0 cloak (worn)
 l - a +0 scale mail
 o - a +0 robe (worn)
 q - a +0 leather armour
 r - a +0 pair of gloves (worn)
Jewellery
 g - a ring of protection from magic (left hand)
 n - an amulet of the acrobat (around neck)
Scrolls
 b - a scroll of fear {unknown}
 h - a scroll of noise {unknown}
 k - a scroll of identify {unknown}
 m - 2 scrolls of teleportation {unknown}
Potions
 d - a potion of magic {unknown}
 e - 2 potions of brilliance {unknown}
 f - 2 potions of heal wounds {unknown}
 j - 2 potions of curing {unknown}
Comestibles
 c - 4 rations


   Skills:
 + Level 0.9 Fighting
 + Level 0.1 Short Blades
 + Level 0.1 Maces & Flails
 + Level 2.2 Dodging
 + Level 2.4 Stealth
 + Level 1.6 Unarmed Combat
 + Level 2.0 Spellcasting
 + Level 4.5 Necromancy


You had 5 spell levels left.
You knew the following spells:

 Your Spells              Type           Power        Failure   Level  Hunger
a - Pain                  Necr           ##..         4%          1    ##.....
b - Animate Skeleton      Necr           N/A          4%          1    ##.....

Your spell library contained the following spells:

 Spells                   Type           Power        Failure   Level  Hunger
 Vampiric Draining        Necr           ##........   14%         3    ####...
 Regeneration             Chrm/Necr      #.........   36%         3    ####...
 Animate Dead             Necr           N/A          43%         4    #####..


Dungeon Overview and Level Annotations

Branches:
Dungeon (3/15)

Altars:


Innate Abilities, Weirdness & Mutations

Your body is rotting away.
You thrive on raw meat.
You are immune to poison.
You have sharp fingernails.
You are carnivorous and can eat meat at any time.
Your flesh is cold resistant. (rC+)
You are immune to negative energy. (rN+++)
You do not regenerate when monsters are visible.
You are immune to unholy pain and torment.
You can survive without breathing.


Message History

You swap places.
Your quokka skeleton bites the gnoll shaman but does no damage.
The gnoll shaman hits your quokka skeleton with a club.
You swap places.
Your quokka skeleton bites the gnoll shaman but does no damage.
The gnoll shaman hits your quokka skeleton with a club.
Your quokka skeleton is destroyed!
The gnoll shaman calls down the wrath of its god upon you.
Your quokka skeleton is outlined in light.
Your quokka skeleton barely misses the gnoll shaman.
The gnoll shaman hits your quokka skeleton with a club.
Your quokka skeleton completely misses the gnoll shaman.
Your quokka skeleton bites the gnoll shaman but does no damage.
The gnoll shaman hits your quokka skeleton with a club.
Your quokka skeleton is destroyed!
You eat one of the 5 rations.
That ration really hit the spot!
You hit the gnoll. You burn the gnoll.
The gnoll is moderately wounded.
The gnoll hits you with a flail!
You die...

###.#.##.###
#...#.##.#
#.....#g.#
#...###g##
#...# #.#
#...# #.#
#...# #.#
#...# #g#
#...# #@#
#######.###
#.....#
#.....#.#
#.......#
#....<###
#.....#
#.....#
#.....#


You could see a gnoll shaman and 2 gnolls.

Vanquished Creatures
  An adder (D:2)
  4 dart slugs (D:1)
  2 leopard geckos
  3 orcs (D:3)
  3 giant cockroaches (D:1)
  6 goblins
  5 hobgoblins
  A kobold (D:2)
  3 quokkas
  3 bats (D:1)
  5 frilled lizards
  6 rats
42 creatures vanquished.

Vanquished Creatures (collateral kills)
  A hobgoblin (D:1)
  2 kobolds
  A rat (D:1)
4 creatures vanquished.

Grand Total: 46 creatures vanquished

Notes
Turn   | Place    | Note
-------+----------+-------------------------------------------
     0 | D:1      | smallpebble the Ghoul Necromancer began the quest for the
                  | Orb.
     0 | D:1      | Reached XP level 1. HP: 14/14 MP: 2/2
   223 | D:1      | Reached XP level 2. HP: 11/20 MP: 3/3
   898 | D:1      | Learned a level 1 spell: Animate Skeleton
   946 | D:1      | Reached XP level 3. HP: 23/25 MP: 4/4
  1499 | D:2      | Reached skill level 1 in Unarmed Combat
  1564 | D:2      | HP: 1/27 [worm (9)]
  2311 | D:3      | Reached XP level 4. HP: 29/33 MP: 6/6
  2394 | D:3      | Slain by a gnoll

Skill      XL: |  1  2  3 |
---------------+----------+-----
Spellcasting   | 2 |  2.0
Dodging        | 2 |  2.2
Unarmed Combat | 1 |  1.6
Fighting       | |  0.9
Short Blades   | |  0.1
Maces & Flails | |  0.1
Stealth        | |  2.4
Necromancy     | |  4.5

Action                   |  1- 3 |  4- 6 || total
-------------------------+-------+-------++-------
Melee: Unarmed           |   147 |       ||   147
       Club              |    19 |       ||    19
       Short sword       |       |    23 ||    23
 Cast: Animate Skeleton  |     9 |     3 ||    12
  Use: Scroll            |     2 |       ||     2
 Stab: Sleeping          |     1 |       ||     1
  Eat: Chunk             |     6 |     1 ||     7
       Ration            |     1 |     1 ||     2
Armor: Robe              |    28 |     4 ||    32
       Scale mail        |    12 |       ||    12
Dodge: Dodged            |   111 |    13 ||   124
